 Dungeon Crawl Stone Soup version 0.29.1-1-gd02db6906a (webtiles) character file.

Game seed: 9295558868073603321

32 raistware the Conjurer (level 3, 0/21 HPs)
             Began as an Octopode Conjurer on Sept 23, 2022.
             Slain by a worm (9 damage)
             ... on level 2 of the Dungeon.
             The game lasted 00:02:15 (1728 turns).

raistware the Conjurer (Octopode Conjurer)          Turns: 1728, Time: 00:02:15

Health: 0/21       AC:  1    Str:  6    XL:     3   Next: 27%
Magic:  0/7        EV: 13    Int: 22    God:
Gold:   68         SH:  0    Dex: 10    Spells: 7/8 levels left

rFire   . . .      SeeInvis .   (no weapon)
rCold   . . .      Faith    .   (no shield)
rNeg    . . .      Spirit   .   (helmet restricted)
rPois   .          Reflect  .   (no amulet)
rElec   .          Harm     .   (no ring)
rCorr   .          Rampage  .   (no ring)
Will    .....                   (no ring)
Stlth   +++.......              (no ring)
HPRegen 0.07/turn               (no ring)
MPRegen 0.10/turn               (no ring)
                                (no ring)
                                (no ring)

@: very slightly contaminated
A: almost no armour, amphibious, 8 rings, camouflage 1, gelatinous body 1,
(nimble swimmer 1), tentacles
a: no special abilities


You were on level 2 of the Dungeon.
You visited 1 branch of the dungeon, and saw 2 of its levels.

You collected 68 gold pieces.

Inventory:

Scrolls
 b - a scroll of enchant armour {unknown}
 c - a scroll of teleportation {unknown}
 g - a scroll of immolation {unknown}
 j - a scroll of identify {unknown}
Potions
 a - a potion of magic
 d - 2 potions of flight {unknown}
 e - 2 potions of curing {unknown}
 f - a potion of lignification {unknown}
 h - a potion of berserk rage {unknown}
 i - a potion of might {unknown}


   Skills:
 - Level 2.0 Dodging
 - Level 2.6 Stealth
 + Level 3.4 Spellcasting
 - Level 4.0 Conjurations


You had 7 spell levels left.
You knew the following spells:

 Your Spells              Type           Power      Damage    Failure   Level
a - Magic Dart            Conj           84%        1d7       2%          1

Your spell library contained the following spells:

 Spells                   Type           Power      Damage    Failure   Level
 Searing Ray              Conj           42%        2d6       3%          2
 Static Discharge         Conj/Air       12%        3-5/arc   8%          2
 Dazzling Flash           Conj/Hex       24%        N/A       16%         3
 Fulminant Prism          Conj/Hex       6%         3d7       45%         4
 Iskenderun's Mystic Bla  Conj/Tloc      12%        2d5       45%         4
 Sticky Flame             Conj/Fire      12%        2d4       45%         4
 Dispel Undead            Necr           3%         3d7       75%         4


Dungeon Overview and Level Annotations

Branches:
Dungeon (2/15)

Altars:

Shops:
D:1 [


Innate Abilities, Weirdness & Mutations

You cannot wear most types of armour.
You are amphibious.
You can wear up to eight rings at the same time.
Your skin changes colour to match your surroundings (Stealth+).
Your rubbery body absorbs attacks. (AC +1, EV +1)
((You are camouflaged when in or above water. (Stealth+)))
You have tentacles for arms and can constrict up to eight enemies at once.


Message History

Item here: 4 silver boomerangs.
The floor.
A worm comes into view.
There are no items here.
The magic dart hits the worm.
The worm is lightly wounded.
The magic dart hits the worm.
The worm is moderately wounded.
The magic dart hits the worm.
The worm is moderately wounded.
The magic dart hits the worm.
The worm is severely wounded.
The magic dart hits the worm but does no damage.
The worm is severely wounded.
The magic dart hits the worm.
The worm is severely wounded.
You are out of magic!
The worm misses you.
You tentacle-slap the worm. Your grab misses the worm.
The worm is severely wounded.
The worm bites you!
You miscast Magic Dart.
You are very lightly contaminated with residual magic.
Nothing appears to happen.
You barely miss the worm. You grab the worm.
The worm is severely wounded.
You constrict the worm. The worm closely misses you.
You tentacle-slap the worm.
The worm is severely wounded.
You constrict the worm. You tentacle-slap the worm.
The worm is severely wounded.
You constrict the worm. The worm bites you.
You are too injured to fight recklessly!
You are too injured to fight recklessly!
You are too injured to fight recklessly!
You tentacle-slap the worm but do no damage.
The worm is severely wounded.
You constrict the worm. The worm bites you!
You die...

########.####...>...#
# #.# #..####.# .#
#.# ##.# # ... #.#
##.## .#..# #.#
##...###....
#.###.....#..#
#........#..#
#####(....#..#
##...@##...) ##.#w#
...... #.#.. .#.##
#..... .. .. ###...#
## # #..## #..# #..#


You could see a worm.

Vanquished Creatures
  3 endoplasms (D:1)
  A giant cockroach (D:1)
  2 hobgoblins
  2 jackals (D:1)
  4 kobolds
  3 ball pythons
  A bat (D:1)
  4 frilled lizards
  5 goblins
  6 rats (D:1)
31 creatures vanquished.

Notes
Turn   | Place    | Note
-------+----------+-------------------------------------------
     0 | D:1      | raistware the Octopode Conjurer began the quest for the
                  | Orb.
     0 | D:1      | Reached XP level 1. HP: 11/11 MP: 3/3
   271 | D:1      | Reached XP level 2. HP: 17/17 MP: 3/5
   980 | D:1      | Found Zoaneim's Armour Shoppe.
  1098 | D:1      | Reached XP level 3. HP: 19/21 MP: 2/7
  1728 | D:2      | Slain by a worm

Illustrated notes

Levels and vault maps discovered:
D:1:      lightli_molten_gateway, layout_basic, serial_shops,
          nicolae_shop_crystal, serial_bayou_pond_b, minmay_ruptured
D:2:      layout_loops_ring

Skill      XL: |  1  2 |
---------------+-------+-----
Spellcasting   | 3 |  3.4
Dodging        | |  2.0
Stealth        | |  2.6
Conjurations   | |  4.0

Action                   || total
-------------------------++-------
Melee: Unarmed           ||    23
       Constrict         ||     6
       Tentacles         ||     5
 Cast: Magic Dart        ||    56
 Stab: Sleeping          ||     2
Armor: Skin              ||     3
Dodge: Dodged            ||    14
